 Dungeon Crawl Stone Soup version 0.19-a0-944-gb338e1e (webtiles) character file.

128 Implojin the Ruffian (level 4, 0/44 HPs)
             Began as a Troll Fighter on July 9, 2016.
             Slain by a goblin (2 damage)
             ... on level 3 of the Dungeon.
             The game lasted 00:02:25 (386 turns).

Implojin the Ruffian (Troll Fighter)                 Turns: 386, Time: 00:02:25

Health: 0/44       AC:  5    Str: 24    XL:     4   Next: 87%
Magic:  3/3        EV:  3    Int:  4    God:
Gold:   31         SH:  8    Dex: 10    Spells: 0 memorised, 3 levels left

rFire  . . .     SeeInvis .       - Unarmed
rCold  . . .     Gourm    +     a - +0 robe
rNeg   . . .     Faith    .     b - +0 shield
rPois  .         Spirit   .     (helmet restricted)
rElec  .         Dismiss  .     (no cloak)
rCorr  .         Reflect  .     (gloves unavailable)
SustAt .         Harm     .     (boots unavailable)
MR     .....                    (no amulet)
Stlth  +.........               (no ring)
                                (no ring)

@: lethally poisoned (0 -> -1), not resistant to hostile enchantments, very
unstealthy
A: unfitting armour, claws 3, fast metabolism 3, gourmand, regeneration 2,
shaggy fur 1, tough skin 2
a: no special abilities


You were on level 3 of the Dungeon.
You were completely stuffed.

You visited 1 branch of the dungeon, and saw 5 of its levels.

You collected 31 gold pieces.

Inventory:

Missiles
 g - 8 javelins (quivered)
Armour
 a - a +0 robe (worn)
 b - a +0 shield (worn)
Scrolls
 e - a scroll of identify {unknown}
 h - 2 scrolls of fear {unknown}
 i - a scroll of recharging {unknown}
 j - a scroll of remove curse {unknown}
Comestibles
 c - 3 chunks of flesh
 d - 2 bread rations
 f - a beef jerky


   Skills:
 - Level 2.4 Fighting
 - Level 2.4 Dodging
 - Level 2.4 Shields
 * Level 5.1 Unarmed Combat


You had 3 spell levels left.
You didn't know any spells.

Dungeon Overview and Level Annotations

Branches:
Dungeon (5/15)
 Temple: D:4-7

Altars:
Qazlal


Innate Abilities, Weirdness & Mutations

You are too large for most types of armour.
You have claws for hands.
Your metabolism is lightning-fast.
You like to eat raw meat.
You heal very quickly.
You are covered in fur. (AC +1)
You have very tough skin. (AC +2)


Message History

You closely miss the worker ant.
You feel sick. The worker ant bites you.
* * * LOW HITPOINT WARNING * * *
Unknown command.
You claw the worker ant!
The worker ant is severely wounded.
* * * LOW HITPOINT WARNING * * *
You feel sick. You block the worker ant's attack.
Unknown command.
You claw the worker ant!
You kill the worker ant!
Your Unarmed Combat skill increases to level 5!
* * * LOW HITPOINT WARNING * * *
You feel sick.
Unknown command.
* * * LOW HITPOINT WARNING * * *
You feel sick.
* * * LOW HITPOINT WARNING * * *
You feel sick.
There is a stone staircase leading up here.
* * * LOW HITPOINT WARNING * * *
You feel sick.
You climb upwards.
You hear the sound of rushing water.
There is an entrance to a sewer on this level.
Hurry and find it before the portal rusts away!
You hear the rusting of a very distant drain.
The hobgoblin shouts!
The goblin shouts! 2 bats and a worm come into view.
* * * LOW HITPOINT WARNING * * *
You feel sick. You block the bat's attack. x2
The goblin hits you but does no damage.
Found a short sword and a ring mail.
Found a stone staircase leading down.
A giant newt and an orc priest come into view.
There is a stone staircase leading down here.
Unknown command.
Unknown command.
Okay, then.
* * * LOW HITPOINT WARNING * * *
You feel sick. The bat hits you but does no damage. You block the bat's attack.
The goblin hits you.
You die...

# ..... .....
.## ..... ..##
.....##..#
.........##
..........#
..........#####
........w......
....[.b@g)g..l.
......b.>.....o
...............
...............
...............
########...##..
#### #


You could see a worm, an orc priest (wandering), a hobgoblin, a goblin, 2 bats
and a giant newt (wandering).

Vanquished Creatures
  3 worker ants
  A hound skeleton (D:4)
  3 gnolls (D:5)
  A dart slug (D:2)
  3 giant cockroaches (D:2)
  A goblin (D:2)
  2 hobgoblins
  A quokka (D:4)
  A bat (D:1)
  2 kobolds
  A rat (D:2)
19 creatures vanquished.

Notes
Turn   | Place    | Note
-------+----------+-------------------------------------------
     0 | D:1      | Implojin the Troll Fighter began the quest for the Orb.
     0 | D:1      | Reached XP level 1. HP: 22/22 MP: 0/0
   171 | D:2      | Reached XP level 2. HP: 16/29 MP: 1/1
   185 | D:2      | Found a stormy altar of Qazlal.
   206 | D:2      | Reached skill level 3 in Unarmed Combat
   303 | D:5      | Entered Level 5 of the Dungeon
   324 | D:5      | Reached skill level 4 in Unarmed Combat
   324 | D:5      | Reached XP level 3. HP: 24/36 MP: 2/2
   329 | D:5      | Reached XP level 4. HP: 6/44 MP: 3/3
   329 | D:5      | HP: 2/44 [worker ant (4)]
   334 | D:5      | HP: 1/44 [poisoned by a worker ant]
   339 | D:5      | HP: 2/44 [poisoned by a worker ant]
   381 | D:4      | Reached skill level 5 in Unarmed Combat
   384 | D:4      | HP: 2/44 [poisoned by a worker ant]
   386 | D:3      | Slain by a goblin

Vault maps used:
D:1:      minmay_arrival_stair_chambers
D:2:      nicolae_overflow_crystal_walls
D:3:      portal_sewer_entry_e
D:4:      hangedman_abyss_or_decor_passed, kennysheep_nondescript
D:5:      first_bread, serial_shops, shop, minmay_a_box_with_orc_wizards_in_it

Skill      XL: |  1  2  3  4 |
---------------+-------------+-----
Unarmed Combat | 4 5 |  5.1
Fighting       | |  2.4
Dodging        | |  2.4
Shields        | |  2.4

Action                   |  1- 3 |  4- 6 || total
-------------------------+-------+-------++-------
Melee: Unarmed           |    55 |    13 ||    68
  Use: Potion            |     1 |       ||     1
  Eat: Chunk             |     1 |     8 ||     9
Armor: Robe              |    56 |     2 ||    58
Dodge: Dodged            |    44 |     7 ||    51
Block: Shield            |    67 |     8 ||    75

Table legend:
 A = Turns spent in this place as a percentage of turns spent in the entire game.
 B = Non-inter-level travel turns spent in this place as a percentage of non-inter-level travel turns spent in the entire game.
 C = Inter-level travel turns spent in this place as a percentage of turns spent in this place.
 D = Turns resting spent in this place as a percentage of non-inter-level travel turns spent in this place.
 E = Turns spent auto-exploring this place as a percentage of non-inter-level travel turns spent in this place.
 F = Non-inter-level travel turns spent in this place divided by the number of levels of this place that you've seen.
                   A       B       C       D       E      F
               +-------+-------+-------+-------+-------+----------------------
         Total | 100.0 | 100.0 |   0.0 |   0.0 |   0.0 |  79.4
       Dungeon | 100.0 | 100.0 |   0.0 |   0.0 |   0.0 |  79.4
               +-------+-------+-------+-------+-------+----------------------

Table legend:
 A = Kills in this place as a percentage of kills in entire the game.
 B = Kills by you in this place as a percentage of kills by you in the entire game.
 C = Kills by friends in this place as a percentage of kills by friends in the entire game.
 D = Other kills in this place as a percentage of other kills in the entire game.
 E = Experience gained in this place as a percentage of experience gained in the entire game.
 F = Experience gained in this place divided by the number of levels of this place that you have seen.
                   A       B       C       D       E      F
               +-------+-------+-------+-------+-------+----------------------
         Total | 100.0 | 100.0 |  -nan |  -nan | 100.0 |  36.8
       Dungeon | 100.0 | 100.0 |  -nan |  -nan | 100.0 |  36.8
               +-------+-------+-------+-------+-------+----------------------
